 Dungeon Crawl Stone Soup version 0.19.5 (webtiles) character file.

89 Hasye the Chiller (level 4, -1/30 HPs)
             Began as a Merfolk Ice Elementalist on Apr 18, 2017.
             Slain by a gnoll
             ... wielding a +0 flail
              (3 damage)
             ... on level 3 of the Dungeon.
             The game lasted 00:15:58 (3274 turns).

Hasye the Chiller (Merfolk Ice Elementalist)        Turns: 3274, Time: 00:15:58

Health: -1/30      AC:  4    Str:  7 (8)  XL:     4   Next: 55%
Magic:  0/8        EV: 12    Int: 13 (14) God:
Gold:   116        SH:  0    Dex: 13 (15) Spells: 3 memorised, 2 levels left

rFire  . . .     SeeInvis .     l - +0 hand axe
rCold  . . .     Gourm    .     n - +1 leather armour
rNeg   + . .     Faith    .     (no shield)
rPois  .         Spirit   +     (no helmet)
rElec  .         Reflect  .     (no cloak)
rCorr  .         Harm     .     (no gloves)
MR     .....                    (no boots)
Stlth  ++........               v - amulet of guardian spirit
                                (no ring)
                                u - ring of positive energy

@: very slightly contaminated
A: change form in water, swift swim, stealthy swim
a: no special abilities


You were on level 3 of the Dungeon.
You were not hungry.

You visited 1 branch of the dungeon, and saw 3 of its levels.

You collected 116 gold pieces.

Inventory:

Hand Weapons
 i - a +0 club
 l - a +0 hand axe (weapon)
Missiles
 k - 63 stones (quivered)
Armour
 a - a +0 robe
 d - a +0 scale mail
 g - a +0 leather armour
 n - a +1 leather armour (worn)
 w - a +0 leather armour
Jewellery
 f - an uncursed amulet of regeneration
 u - a ring of positive energy (left hand)
 v - an amulet of guardian spirit (around neck)
Scrolls
 e - a scroll of remove curse
 p - a scroll of blinking
Potions
 c - a potion of lignification {unknown}
 j - a potion of agility {unknown}
 o - a potion of flight {unknown}
 r - a potion of curing {unknown}
 s - a potion of might {unknown}
Books
 b - a book of Frost

   Spells                             Type                      Level
   a - Freeze                         Ice                          1
   b - Throw Frost                    Conjuration/Ice              2
   c - Ozocubu's Armour               Charms/Ice                   3
   d - Throw Icicle                   Conjuration/Ice              4
   e - Summon Ice Beast               Ice/Summoning                4
Comestibles
 h - a beef jerky
 q - 2 meat rations


   Skills:
 + Level 0.2 Fighting
 + Level 1.1 Axes
 + Level 0.7 Armour
 + Level 3.2 Dodging
 + Level 2.6 Stealth
 + Level 0.4 Unarmed Combat
 + Level 2.7 Spellcasting
 + Level 0.7 Conjurations
 + Level 0.2 Charms
 + Level 3.7 Ice Magic


You had 2 spell levels left.
You knew the following spells:

 Your Spells              Type           Power        Failure   Level  Hunger
a - Freeze                Ice            ##..         10%         1    #......
b - Throw Frost           Conj/Ice       #.....       24%         2    ###....
c - Ozocubu's Armour      Chrm/Ice       #.......     50%         3    ###....


Dungeon Overview and Level Annotations

Branches:
Dungeon (3/15)

Altars:


Message History

Confirm with . or Enter, or press ? or * to list all spells.
You miscast Ozocubu's Armour.
You hear a crackling sound.
The gnoll hits you with a club. The gnoll hits you with a flail.
The gnoll hits you with a club. The gnoll misses you. The gnoll misses you.
The gnoll hits you with a club!
* * * LOW HITPOINT WARNING * * *
The gnoll hits you with a club.
* * * LOW HITPOINT WARNING * * *
You see here a club.
It was a potion of cure mutation.
It has a very clean taste.
The gnoll closely misses you. The gnoll hits you but does no damage.
The gnoll misses you.
It was a potion of degeneration.
There was something very wrong with that liquid.
You feel weakened.
You feel dopey.
You feel clumsy. The gnoll barely misses you. The gnoll hits you with a flail.
You die...

#.# #<.......# #.#
###.....## #.#
#.#..## #.# #...##
#.# #...# #.#
#...## .# #.#
#....###..# #.#
#.gg.....###
#.######.g@<.......
#...............#.#
#########..#.#.##
#........
##.#.##### #.#.#
#.#.# ..... .#


You could see 3 gnolls.

Vanquished Creatures
  Natasha (D:2)
  2 adders (D:2)
  A worm (D:2)
  2 orcs
  A ball python (D:1)
  8 bats
  3 giant cockroaches
  6 goblins
  7 hobgoblins
  2 kobolds (D:2)
  A quokka (D:2)
  A frilled lizard (D:1)
  4 rats
39 creatures vanquished.

Notes
Turn   | Place    | Note
-------+----------+-------------------------------------------
     0 | D:1      | Hasye the Merfolk Ice Elementalist began the quest for the Orb.
     0 | D:1      | Reached XP level 1. HP: 13/13 MP: 3/3
   507 | D:1      | Reached XP level 2. HP: 12/19 MP: 5/5
   511 | D:1      | Learned a level 2 spell: Throw Frost
  1870 | D:2      | Reached XP level 3. HP: 24/24 MP: 3/6
  2214 | D:2      | Learned a level 3 spell: Ozocubu's Armour
  2796 | D:3      | Noticed Natasha
  2817 | D:2      | HP: 1/24 [Natasha/magic dart (11)]
  2820 | D:2      | Killed Natasha
  2820 | D:2      | Reached skill level 1 in Axes
  2820 | D:2      | Reached XP level 4. HP: 25/30 MP: 1/8
  3274 | D:3      | Slain by a gnoll

Skill      XL: |  1  2  3 |
---------------+----------+-----
Dodging        | 3 |  3.2
Axes           | 1 |  1.1
Fighting       | |  0.2
Armour         | |  0.7
Stealth        | |  2.6
Unarmed Combat | |  0.4
Spellcasting   | |  2.7
Conjurations   | |  0.7
Charms         | |  0.2
Ice Magic      | |  3.7

Action                   |  1- 3 |  4- 6 || total
-------------------------+-------+-------++-------
Melee: Unarmed           |   103 |       ||   103
       Hand axe          |    81 |    14 ||    95
       Club              |     7 |       ||     7
Throw: Stone             |     4 |     1 ||     5
 Cast: Freeze            |    19 |     8 ||    27
       Ozocubu's Armour  |     1 |       ||     1
  Use: Scroll            |     5 |     1 ||     6
       Potion            |     1 |     2 ||     3
 Stab: Sleeping          |     2 |       ||     2
  Eat: Bread ration      |     2 |       ||     2
Armor: Scale mail        |    77 |       ||    77
       Robe              |     5 |       ||     5
       Leather armour    |    20 |     9 ||    29
Dodge: Dodged            |   136 |    34 ||   170
